 Dungeon Crawl Stone Soup version 0.30.1-4-g462c640d31 (webtiles) character file.

Game seed: 3544361527042381993

784 Crehl the Magician (level 8, -8/45 HPs)
             Began as a Djinni Fire Elementalist on Sept 7, 2023.
             Was a Follower of Hepliaklqana.
             Mangled by Prince Ribbit (16 damage)
             ... on level 4 of the Dungeon.
             The game lasted 00:16:30 (4138 turns).

Crehl the Magician (Djinni Fire Elementalist)       Turns: 4138, Time: 00:16:30

Health: -8/45      AC:  3    Str:  7    XL:     8   Next: 11%
Gold:   157        EV: 12    Int: 19    God:    Hepliaklqana [*.....] SH:  5 Dex: 14

rFire   + + .        e - +0 dagger
rCold   x . .        (no shield)
rNeg    . . .        m - +0 leather armour
rPois   ∞            (no helmet)
rElec   .            (no cloak)
rCorr   .            (no gloves)
SInv    .            (boots unavailable)
Will    .....        s - amulet of reflection
Stlth   ++           (no ring)
HPRegen 0.27/turn    (no ring)
MPRegen 0.00/turn

%: reflection, infuse magic (-9 HP)
@: flying
A: reduced essence, sickness immunity, fire resistance 2, cold vulnerability 1,
float, innate caster, HP casting, extra vitality 1
a: Renounce Religion, Recall Ancestor, Ancestor Identity


You were on level 4 of the Dungeon.
You worshipped Hepliaklqana.
Hepliaklqana was aware of your devotion.
You visited 2 branches of the dungeon, and saw 6 of its levels.

You collected 157 gold pieces.

Inventory:

Hand Weapons
 e - a +0 dagger (weapon)
Missiles
 f - 57 stones
Armour
 a - a +0 robe
 h - an orb of guile
 m - a +0 leather armour (worn)
Jewellery
 s - an amulet of reflection (around neck)
Wands
 x - a wand of charming (6)
Scrolls
 b - 2 scrolls of identify {unknown}
 d - a scroll of fear {unknown}
 i - a scroll of acquirement {unknown}
 j - a scroll of fog {unknown}
 k - 2 scrolls of magic mapping {unknown}
 l - 2 scrolls of teleportation {unknown}
 q - 2 scrolls of blinking {unknown}
 r - 3 scrolls of enchant armour {unknown}
 t - a scroll of vulnerability {unknown}
 u - a scroll of immolation {unknown}
 v - a scroll of noise {unknown}
 w - a scroll of brand weapon {unknown}
Potions
 c - 2 potions of curing {unknown}
 g - a potion of invisibility {unknown}
 n - 2 potions of mutation {unknown}
 o - a potion of flight {unknown}
 p - 2 potions of haste {unknown}


   Skills:
 + Level 0.5 Fighting
 + Level 2.5 Armour
 + Level 3.3 Dodging
 + Level 2.4 Stealth
 + Level 0.6 Shields
 + Level 6.0 Spellcasting


You knew the following spells:

 Your Spells              Type           Power      Damage    Failure   Level
a - Foxfire               Conj/Fire      100%       2x1d9     1%          1
b - Scorch                Fire           56%        2d7       1%          2
c - Volatile Blastmotes   Fire/Tloc      56%        2d14      4%          3
d - Inner Flame           Hex/Fire       28%        N/A       4%          3
e - Flame Wave            Conj/Fire      28%        2d9       14%         4
f - Slow                  Hex            100%       N/A       1%          1
g - Searing Ray           Conj           56%        2d6       1%          2
h - Wereblood             Tmut           28%        N/A       1%          2
Your spell library was empty.

Dungeon Overview and Level Annotations

Branches:
Dungeon (5/15)             Temple (1/1) D:4

Altars:
Ashenzari
Cheibriados
Dithmenos
Elyvilon
Fedhas
Gozag
Hepliaklqana
Nemelex Xobeh
Okawaru
Qazlal
Ru
Trog
Uskayaw
Wu Jian
Xom
Yredelemnul
The Shining One

Annotations:
D:4 exclusion: killer bee, Prince Ribbit


Innate Abilities, Weirdness & Mutations

Your life essence is reduced to manifest your ancestor. (-10% HP)
You are immune to sickness and miasma.
You are immune to poison.
Your flesh is very heat resistant. (rF++)
You are vulnerable to cold. (rC-)
You float through the air rather than walking.
You learn spells naturally, not from books.
Your magical power is your life essence.
You have superior vitality. (+4 MHP)


Message History

Prince Ribbit is lightly wounded.
The foxfire hits Prince Ribbit.
Prince Ribbit is lightly wounded.
Your foxfire dissipates!
The foxfire hits Prince Ribbit.
Prince Ribbit is lightly wounded.
Casting: Foxfire (safe; 1% risk of failure)
Confirm with . or Enter, or press ? or * to list all spells.
Aiming: Slow (safe; 1% risk of failure)
Press: ? - help, Shift-Dir - straight line, f - Prince Ribbit
Aim: Prince Ribbit (lightly wounded, chance to affect: 38%) Prince Ribbit seems to slow down.
You block Prince Ribbit's attack. Prince Ribbit attacks as you move away!
Prince Ribbit hits you!
There is a stone staircase leading up here.
Prince Ribbit closely misses you.
You fly upwards.
Level annotation: exclusion: killer bee
There is a stone staircase leading down here.
Casting: Slow (safe; 1% risk of failure)
Confirm with . or Enter, or press ? or * to list all spells.
Flames lash Prince Ribbit.
Prince Ribbit is moderately wounded.
Prince Ribbit's fire resistance burns away.
You block Prince Ribbit's attack.
Casting: Scorch (safe; 1% risk of failure)
Confirm with . or Enter, or press ? or * to list all spells.
Flames lash Prince Ribbit.
Prince Ribbit is burned terribly!
Prince Ribbit is moderately wounded.
You block Prince Ribbit's attack.
Casting: Scorch (safe; 1% risk of failure)
Confirm with . or Enter, or press ? or * to list all spells.
Flames lash Prince Ribbit.
Prince Ribbit is burned terribly!
Prince Ribbit is severely wounded.
Prince Ribbit hits you!!
* * * LOW HITPOINT WARNING * * *
Aiming: Charm
Press: ? - help, Shift-Dir - straight line, f - Prince Ribbit
Aim: Prince Ribbit (severely wounded, slow, more vulnerable to fire, chance to affect: 31%) Prince Ribbit easily resists.
Prince Ribbit hits you!
You die...

#............#......#....
######.##.##..##.##.#######..
#...##.#####..##.##.##.######
#.............#.....#........
#..:..........'.....'........
#.............#.....#........
#)....#######'###...##..###..
#.....###...F.###...#######..
#......#....@..#.............
#......#.......#.............
#......#.......'.............
#......#.......#.............
#......+.......#.............
#############################


You could see Prince Ribbit (slow, combustible).

Vanquished Creatures
  An ogre (D:5)
  2 scorpions (D:4)
  5 killer bees (D:4)
  An orc priest (D:3)
  A jelly (D:4)
  Ijyb (D:5)
  2 iguanas
  3 orc wizards
  3 adders
  3 dart slugs
  13 orcs
  9 ball pythons
  6 endoplasms
  3 giant cockroaches
  2 hobgoblins
  7 jackals (D:3)
  2 quokkas (D:1)
  6 bats
  4 frilled lizards
  4 goblins
  8 kobolds
  7 rats
93 creatures vanquished.

Vanquished Creatures (collateral kills)
  A jelly (D:4)
1 creature vanquished.

Vanquished Creatures (others)
  A sleepcap (D:4)
  An adder (D:4)
  2 ancestors
  196 foxfires
200 creatures vanquished.

Grand Total: 294 creatures vanquished

Notes
Turn   | Place    | Note
-------+----------+-------------------------------------------
     0 | D:1      | Crehl the Djinni Fire Elementalist began the quest for the
                  | Orb.
     0 | D:1      | Crehl set off with the following spells memorised: Foxfire,
                  | Scorch, Volatile Blastmotes, Inner Flame, Flame Wave.
     0 | D:1      | Reached XP level 1. HP: 15/15 MP: 0/0
    58 | D:1      | Found a faded altar of an unknown god.
   145 | D:1      | Reached XP level 2. HP: 19/21 MP: 0/0
   416 | D:1      | Reached skill level 3 in Spellcasting
   568 | D:1      | Reached XP level 3. HP: 23/25 MP: 0/0
   568 | D:1      | Learned a level 1 spell: Slow
  1138 | D:2      | You are sucked into a shaft and drop 1 floor!
  1172 | D:2      | Reached XP level 4. HP: 23/31 MP: 0/0
  1654 | D:2      | Reached XP level 5. HP: 33/36 MP: 0/0
  1654 | D:2      | Learned a level 2 spell: Searing Ray
  2168 | D:3      | Reached skill level 4 in Spellcasting
  2544 | D:3      | Found a hazy altar of Hepliaklqana.
  2551 | D:3      | Became a worshipper of Hepliaklqana the Forgotten
  2795 | D:3      | Reached XP level 6. HP: 23/41 MP: 0/0
  3105 | D:4      | Reached skill level 1 in Armour
  3177 | D:4      | Found a basalt altar of Yredelemnul.
  3308 | D:4      | Reached * piety under Hepliaklqana
  3332 | D:4      | Reached skill level 5 in Spellcasting
  3332 | D:4      | Reached XP level 7. HP: 15/41 MP: 0/0
  3332 | D:4      | Learned a level 2 spell: Wereblood
  3558 | D:4      | Found a staircase to the Ecumenical Temple.
  3567 | Temple   | Entered the Ecumenical Temple
  4063 | D:5      | Entered Level 5 of the Dungeon
  4101 | D:5      | Noticed Ijyb
  4109 | D:5      | Killed Ijyb
  4116 | D:5      | Reached skill level 6 in Spellcasting
  4116 | D:5      | Reached XP level 8. HP: 40/45 MP: 0/0
  4123 | D:5      | Noticed Prince Ribbit
  4138 | D:4      | Mangled by Prince Ribbit

Illustrated notes

Levels and vault maps discovered:
D:1:      wheals_arrival_linesprint, layout_loops_ring,
          nicolae_ecumenical_snake_handling, minmay_tall_x
D:2:      layout_basic, minmay_tromino_i4
D:3:      layout_loops_corners, nzn_hepliaklqana_mist_gate
D:4:      layout_gridville, yredelemnul_altar_generic, lemuel_temple_firewalk_a
D:5:      layout_basic, mainiacjoe_overflow_tiny_flanked, serial_bayou_crossing,
          uniq_ijyb, uniq_prince_ribbit1
Temple:   bh_familiar_temple

Skill      XL: |  1  2  3  4  5  6  7 |
---------------+----------------------+-----
Spellcasting   | 3 4 5 6 |  6.0
Dodging        | 3 |  3.3
Stealth        | 2 |  2.4
Armour         | 1 2 |  2.5
Fighting       | |  0.5
Shields        | |  0.6

Action                     |  1- 3 |  4- 6 |  7- 9 || total
---------------------------+-------+-------+-------++-------
  Melee: Dagger            |       |     1 |       ||     1
   Cast: Foxfire           |    41 |    53 |    31 ||   125
         Scorch            |    13 |    31 |     4 ||    48
         Searing Ray       |       |     1 |       ||     1
         Inner Flame       |       |     1 |       ||     1
         Flame Wave        |       |     1 |       ||     1
         Slow              |       |       |     1 ||     1
  Evoke: Wand              |       |       |     1 ||     1
 Armour: Robe              |     1 |     1 |       ||     2
         Leather armour    |       |     2 |       ||     2
  Dodge: Dodged            |     6 |    26 |     2 ||    34
  Block: Other             |       |     6 |     3 ||     9
